 Dungeon Crawl Stone Soup version 0.19.1 (webtiles) character file.

739 loralnil the Chopper (level 8, -4/61 HPs)
             Began as a Formicid Fighter on Dec 19, 2016.
             Slain by a scorpion (6 damage)
             ... on level 5 of the Dungeon.
             The game lasted 00:07:20 (3740 turns).

loralnil the Chopper (Formicid Fighter)             Turns: 3740, Time: 00:07:22

Health: -4/61      AC:  9    Str: 23    XL:     8   Next: 4%
Magic:  8/8        EV:  7    Int:  8    God:
Gold:   150        SH: 10    Dex: 10    Spells: 0 memorised, 7 levels left

rFire  . . .     SeeInvis +     a - +0 war axe
rCold  . . .     Gourm    .     s - +0 chain mail
rNeg   . . .     Faith    .     c - +0 shield
rPois  .         Spirit   .     (helmet unavailable)
rElec  .         Reflect  .     (no cloak)
rCorr  .         Harm     .     (no gloves)
MR     .....                    (no boots)
Stlth  ..........               (no amulet)
                                (no ring)
                                (no ring)

@: lethally poisoned (-4 -> -9)
A: permanent stasis, dig shafts and tunnels, four strong arms, antennae 3
a: Dig, Shaft Self


You were on level 5 of the Dungeon.
You were not hungry.

You visited 1 branch of the dungeon, and saw 5 of its levels.

You collected 150 gold pieces.

Inventory:

Hand Weapons
 a - a +0 war axe (weapon)
Armour
 c - a +0 shield (worn)
 s - a +0 chain mail (worn)
Scrolls
 j - a scroll of blinking {unknown}
 k - a scroll of enchant armour {unknown}
 m - a scroll of teleportation {unknown}
 n - 2 scrolls of remove curse {unknown}
 o - a scroll of amnesia {unknown}
 r - a scroll of identify
 u - a scroll of magic mapping {unknown}
 v - a scroll of fog {unknown}
Potions
 b - a potion of agility
 d - 2 potions of might
 e - 3 potions of lignification
 i - a potion of curing
 l - 3 potions of cancellation
 t - a potion of flight
 w - a potion of ambrosia {unknown}
Comestibles
 f - 3 bread rations
 g - 3 chunks of flesh
 h - 2 beef jerkies
 p - 2 slices of pizza
 q - a meat ration


   Skills:
 + Level 4.9 Fighting
 + Level 6.0 Axes
 + Level 4.8 Armour
 + Level 1.1 Dodging
 + Level 5.3 Shields


You had 7 spell levels left.
You didn't know any spells.

Dungeon Overview and Level Annotations

Branches:
Dungeon (5/15)
 Temple: D:4-7

Altars:


Innate Abilities, Weirdness & Mutations

You are under a permanent stasis effect.
You can dig through walls and to a lower floor.
Your four strong arms can wield two-handed weapons with a shield.
You have a pair of large antennae on your head. (SInv)


Message History

You closely miss the scorpion. The scorpion stings you!
* * * LOW HITPOINT WARNING * * *
You are poisoned.
The scorpion poisons you!
You slash the scorpion!
The scorpion is heavily wounded.
* * * LOW HITPOINT WARNING * * *
You feel sick. The scorpion stings you.
* * * LOW HITPOINT WARNING * * *
You closely miss the scorpion.
The scorpion is heavily wounded.
* * * LOW HITPOINT WARNING * * *
You feel sick. The scorpion barely misses you.
Your shield prevents you from hitting the scorpion.
The scorpion is heavily wounded.
* * * LOW HITPOINT WARNING * * *
You feel sick.
The scorpion stings you but does no damage.
The scorpion stings you.
You die...

#>....# {#.....#
#.....#
#.....###
#....... #......
#)...s# ##....@#
######......#
#...........#
#...........#
#..........##
##..#.......#
####...###.....#
##.....##
###..##
#......## ####


You could see a scorpion.

Vanquished Creatures
  The ghost of Doomer the Chucker, an amateur OgHu (D:3)
  A centaur (D:5)
  A scorpion (D:4)
  A jelly (D:5)
  7 orc wizards
  2 worker ants
  Robin (D:4)
  8 adders
  2 oozes
  2 worms
  5 dart slugs
  3 leopard geckos
  30 orcs
  4 giant cockroaches
  10 hobgoblins
  4 jackals
  2 quokkas
  9 bats
  2 frilled lizards
  16 goblins
  2 kobolds
  6 rats
119 creatures vanquished.

Notes
Turn   | Place    | Note
-------+----------+-------------------------------------------
     0 | D:1      | loralnil the Formicid Fighter began the quest for the Orb.
     0 | D:1      | Reached XP level 1. HP: 18/18 MP: 1/1
    59 | D:1      | Reached XP level 2. HP: 13/25 MP: 2/2
   290 | D:1      | Reached XP level 3. HP: 30/30 MP: 3/3
   774 | D:2      | Reached XP level 4. HP: 36/37 MP: 4/4
  1239 | D:2      | Reached skill level 3 in Axes
  1358 | D:3      | Noticed Doomer's ghost (amateur OgHu)
  1385 | D:3      | Killed Doomer's ghost
  1385 | D:3      | Reached skill level 4 in Axes
  1385 | D:3      | Reached XP level 5. HP: 20/43 MP: 5/5
  1611 | D:3      | Reached XP level 6. HP: 29/49 MP: 6/6
  1630 | D:3      | HP: 2/49 [poisoned by an orc wizard]
  1637 | D:3      | HP: 2/49 [orc wizard/dagger of venom (2)]
  2228 | D:3      | Reached skill level 1 in Dodging
  2435 | D:3      | Reached XP level 7. HP: 55/55 MP: 7/7
  2704 | D:4      | Reached skill level 5 in Axes
  2779 | D:4      | Noticed Robin
  2787 | D:4      | Killed Robin
  3374 | D:5      | Entered Level 5 of the Dungeon
  3389 | D:5      | Reached skill level 5 in Shields
  3671 | D:5      | Reached skill level 6 in Axes
  3671 | D:5      | Reached XP level 8. HP: 3/61 MP: 8/8
  3738 | D:5      | HP: 3/61 [scorpion (5)]
  3740 | D:5      | Slain by a scorpion

Skill      XL: |  1  2  3  4  5  6  7 |
---------------+----------------------+-----
Shields        | 4 5 |  5.3
Fighting       | 4 |  4.9
Axes           | 4 6 |  6.0
Armour         | 4 |  4.8
Dodging        | 1 |  1.1

Action                   |  1- 3 |  4- 6 |  7- 9 || total
-------------------------+-------+-------+-------++-------
Melee: War axe           |    81 |   175 |   156 ||   412
  Use: Scroll            |     3 |     2 |     4 ||     9
       Potion            |       |     5 |     1 ||     6
  Eat: Chunk             |       |     5 |     5 ||    10
Armor: Scale mail        |    27 |    12 |       ||    39
       Chain mail        |       |   102 |    81 ||   183
Dodge: Dodged            |    26 |    57 |    47 ||   130
Block: Shield            |    46 |   127 |    88 ||   261
